Map: [ESL] Gresvan

Players

Serral - Winner!

  • Race: Zerg Zerg
  • Spawn Location: 11:00

MaxPax

  • Race: Protoss Protoss
  • Spawn Location: 5:00

Event: ESL SC2 Masters 2023 Summer (Regionals)

VOD

Have the link to the VOD?

Description

Time

  • Played on: May 21, 2023, 4:14 p.m.
  • Length: 26:03

All games in this series

Show
View Real Time Build Order
Export as new Build Order

Serral Zerg - Winner!

Build Orders: Hatch First, Lurkers 

Get SALT Encoding   

  12  0:00  Drone  
  13  0:08  Drone  
  13  0:14  Extractor, Drone  
  15  0:38  Hatchery  
  15  0:42  Extractor  
  13  0:43  Drone  
  13  0:48  Overlord  
  15  1:05  Spawning Pool  
  15  1:07  Drone  
  16  1:11  Drone  
  16  1:15  Drone  
  17  1:18  Drone  
  17  1:22  Extractor  
  17  1:29  Drone  
  18  1:39  Drone  
  19  1:52  Queen x2  
  19  1:53  Zergling x2  
  24  1:56  Drone  
  25  2:01  Overlord  
  25  2:05  Drone  
  26  2:12  Drone x2  
  28  2:22  Drone x2  
  30  2:28  Metabolic Boost  
  30  2:42  Drone  
  30  2:44  Queen  
  30  2:49  Hatchery  
  31  2:54  Overlord  
  31  2:56  Zergling x2  
  31  2:57  Zergling x2  
  33  2:59  Zergling x2  
  33  3:05  Drone x2  
  36  3:12  Overlord  
  36  3:17  Queen  
  36  3:18  Drone x2  
  41  3:20  Drone  
  41  3:21  Drone  
  41  3:23  Drone  
  43  3:28  Drone  
  44  3:34  Drone x2  
  44  3:38  Overlord  
  44  3:39  Drone x2  
  48  3:44  Queen  
  48  3:48  Zergling x2  
  51  3:49  Zergling x2  
  51  3:55  Overlord  
  52  3:56  Queen  
  52  3:58  Spore Crawler  
  52  4:01  Spore Crawler  
  52  4:02  Drone  
  53  4:05  Drone x2  
  53  4:06  Drone  
  56  4:10  Drone x2  
  56  4:14  Overlord  
  58  4:20  Drone x2, Evolution Chamber  
  59  4:24  Zergling x2  
  59  4:29  Drone x4  
  63  4:34  Spore Crawler  
  63  4:35  Drone  
  62  4:40  Drone  
  62  4:41  Drone  
  62  4:44  Drone  
  62  4:48  Drone x2  
  62  4:50  Zerg Melee Weapons Level 1  
  65  4:54  Drone x3  
  65  4:55  Drone  
  65  4:57  Drone  
  70  5:01  Drone  
  70  5:06  Hatchery  
  70  5:08  Lair  
  70  5:09  Extractor, Drone x4  
  70  5:14  Overlord, Drone  
  73  5:18  Drone  
  73  5:19  Roach Warren  
  74  5:24  Overlord x2  
  74  5:27  Spore Crawler  
  73  5:30  Overlord  
  73  5:35  Drone x7  
  80  5:36  Extractor  
  80  5:39  Overlord  
  78  5:44  Drone  
  78  5:45  Zergling x4  
  78  5:48  Overlord  
  81  5:56  Extractor  
  80  5:58  Zergling x10  
  85  6:07  Hatchery  
  85  6:08  Zergling x12  
  85  6:09  Overlord, Glial Reconstitution  
  90  6:13  Overlord  
  90  6:16  Zergling x2  
  90  6:17  Overlord  
  91  6:23  Zergling x4  
  92  6:27  Zergling x8  
  92  6:32  Overlord  
  95  6:36  Zergling x2  
  95  6:37  Zergling x14  
  103  6:42  Baneling Nest  
  102  6:47  Drone x4  
  102  6:50  Zerg Melee Weapons Level 2  
  105  6:56  Drone x4  
  105  6:58  Roach, Drone  
  105  7:01  Roach x6  
  124  7:04  Overlord  
  124  7:05  Queen  
  124  7:07  Overlord  
  126  7:08  Roach  
  126  7:09  Roach x2  
  132  7:20  Roach x5, Zergling x2  
  140  7:24  Roach x5  
  140  7:25  Zergling x2  
  140  7:26  Zergling x2  
  140  7:29  Ravager x2  
  151  7:32  Centrifugal Hooks  
  151  7:41  Zergling x24  
  162  7:47  Overlord  
  162  7:50  Zergling x6  
  162  7:51  Zergling x6  
  162  8:04  Baneling x6  
  160  8:06  Zergling x28  
  168  8:23  Zergling x16  
  168  8:26  Zergling x6  
  170  8:30  Roach x4  
  170  8:33  Roach x4  
  180  8:38  Drone x4, Spore Crawler  
  183  8:43  Infestation Pit  
  183  8:46  Overlord x2, Zergling x2  
  183  8:47  Zergling x2  
  184  8:49  Overlord  
  184  8:50  Pneumatized Carapace  
  185  8:55  Drone x2  
  185  8:56  Drone x2  
  188  9:03  Baneling x6  
  188  9:05  Baneling, Spore Crawler  
  188  9:06  Zerg Missile Weapons Level 1, Zergling x2  
  188  9:07  Zergling x16  
  192  9:19  Zergling x16  
  192  9:21  Hive  
  192  9:23  Extractor  
  199  9:27  Zergling x12  
  191  9:33  Zergling x6  
  191  9:34  Zergling x16  
  197  9:39  Drone  
  197  9:41  Baneling x4  
  197  9:43  Drone x3  
  200  9:48  Overlord  
  189  9:55  Drone x2  
  189  9:56  Drone x2  
  189  9:57  Baneling x6  
  189  9:58  Baneling  
  186  10:01  Zergling x2  
  186  10:02  Zergling x24  
  186  10:04  Baneling x7  
  186  10:05  Baneling x8  
  186  10:06  Drone  
  198  10:07  Drone  
  198  10:15  Zergling x2  
  198  10:16  Zergling x4  
  198  10:19  Baneling x5  
  198  10:20  Baneling x2  
  198  10:24  Zergling x2  
  198  10:25  Zergling x2  
  199  10:30  Hatchery  
  199  10:33  Adrenal Glands  
  198  10:35  Baneling  
  198  10:36  Baneling  
  198  10:43  Extractor  
  198  10:44  Extractor  
  198  10:45  Baneling x5  
  198  10:49  Drone x6  
  194  10:53  Zergling x22  
  196  10:58  Zergling x10  
  196  11:03  Zergling x26  
  198  11:08  Roach  
  185  11:12  Roach x3  
  185  11:15  Roach  
  193  11:21  Zergling x14  
  193  11:22  Zergling x2  
  193  11:34  Baneling  
  193  11:35  Baneling x18  
  193  11:38  Zergling x12  
  199  11:48  Hydralisk Den  
  199  11:49  Drone  
  199  11:53  Evolution Chamber, Zerg Melee Weapons Level 3  
  198  11:55  Spore Crawler  
  198  11:56  Spine Crawler  
  198  11:58  Drone x3  
  199  12:02  Baneling  
  199  12:03  Baneling x4  
  199  12:12  Zergling x22  
  189  12:18  Zergling x28  
  194  12:24  Zerg Missile Weapons Level 2  
  194  12:25  Viper  
  191  12:30  Spine Crawler, Viper x2  
  191  12:33  Zergling x2  
  191  12:34  Zergling x10  
  198  12:38  Lurker Den  
  198  12:41  Extractor  
  198  12:43  Drone x2  
  198  12:44  Drone  
  199  12:46  Zergling x2  
  197  13:02  Overseer  
  197  13:10  Baneling x20  
  197  13:13  Extractor  
  197  13:16  Extractor, Drone  
  197  13:17  Drone x2  
  197  13:19  Baneling x2  
  198  13:24  Drone x2  
  199  13:29  Baneling x11  
  197  13:41  Zergling x4  
  197  13:45  Seismic Spines  
  199  13:49  Extractor, Baneling x7  
  187  14:00  Zergling x42  
  183  14:07  Hydralisk x6  
  183  14:08  Zergling x24  
  191  14:19  Spire, Extractor  
  191  14:20  Drone x3  
  191  14:22  Baneling x4  
  188  14:25  Baneling x7  
  188  14:29  Drone x3  
  189  14:39  Lurker x6  
  189  14:42  Adaptive Talons  
  192  14:49  Extractor  
  190  14:59  Hydralisk x9  
  199  15:04  Drone  
  199  15:06  Spine Crawler  
  199  15:07  Spine Crawler x2, Overseer  
  197  15:08  Overseer  
  196  15:15  Grooved Spines  
  195  15:38  Baneling x7  
  195  15:40  Zergling x6  
  195  15:41  Zergling x14  
  193  15:45  Zergling x2  
  193  15:46  Zergling x10  
  197  15:55  Lurker x4  
  195  16:00  Lurker x5  
  176  16:12  Zergling x12  
  176  16:13  Zergling x2  
  176  16:17  Hydralisk x7  
  176  16:18  Zergling x6  
  197  16:27  Muscular Augments  
  197  16:28  Drone x2  
  197  16:29  Greater Spire  
  197  16:30  Spire  
  198  16:47  Lurker  
  198  16:48  Overseer  
  198  16:50  Zerg Ground Armor Level 1, Zerg Missile Weapons Level 3  
  185  17:04  Corruptor x8  
  187  17:09  Baneling x5  
  187  17:10  Baneling  
  187  17:18  Drone x2  
  183  17:25  Drone x2  
  183  17:26  Drone  
  185  17:41  Brood Lord  
  185  17:42  Zerg Flyer Armor Level 1  
  185  17:43  Zerg Flyer Weapons Level 1  
  185  17:44  Brood Lord x6  
  199  17:49  Zergling x14  
  187  18:02  Zergling x30  
  189  18:06  Zergling x2  
  189  18:11  Brood Lord  
  185  18:26  Zergling x20  
  179  18:40  Queen x2  
  179  18:41  Queen  
  185  18:43  Hatchery  
  185  18:45  Zerg Ground Armor Level 2  
  185  18:46  Pathogen Glands  
  186  18:50  Burrow  
  184  18:56  Lurker x6  
  184  19:02  Drone x2  
  191  19:03  Drone x3, Overseer  
  191  19:05  Spore Crawler x2  
  191  19:09  Spore Crawler x2  
  189  19:10  Spore Crawler  
  189  19:11  Spore Crawler  
  187  19:30  Nydus Network  
  185  19:43  Neural Parasite  
  185  19:45  Overseer  
  183  19:49  Extractor  
  183  19:51  Zerg Flyer Armor Level 2, Zerg Flyer Weapons Level 2  
  179  19:59  Overseer  
  178  20:04  Infestor x6  
  190  20:16  Nydus Canal, Corruptor x4  
  198  20:35  Drone x2  
  197  20:37  Extractor  
  197  20:38  Hatchery  
  192  20:46  Corruptor x4  
  198  20:56  Drone  
  199  20:57  Drone  
  199  20:58  Drone x3  
  199  21:00  Spore Crawler x2  
  199  21:01  Spore Crawler  
  199  21:02  Spore Crawler  
  193  21:08  Corruptor x2, Brood Lord  
  193  21:09  Hatchery  
  195  21:47  Nydus Canal  
  195  21:48  Corruptor x2  
  195  22:16  Corruptor x2  
  187  22:32  Corruptor  
  187  22:33  Corruptor x4  
  197  22:37  Corruptor  
  193  22:44  Overseer  
  193  22:45  Corruptor x3  
  199  22:51  Spore Crawler  
  199  22:53  Extractor  
  199  22:54  Extractor, Nydus Canal  
  196  23:05  Zerg Flyer Armor Level 3, Zerg Flyer Weapons Level 3  
  193  23:14  Nydus Canal  
  193  23:18  Spine Crawler  
  193  23:19  Spine Crawler  
  191  23:24  Corruptor x4  
  199  23:36  Nydus Canal  
  199  23:42  Overseer  
  199  23:53  Nydus Canal  
  190  24:09  Nydus Canal  
  190  24:15  Corruptor x2  
  190  24:26  Corruptor  
  192  24:37  Overlord  
  192  24:38  Overlord  
  192  24:39  Nydus Canal  
  192  24:44  Overlord  
  192  24:52  Overlord x2  
  182  25:04  Corruptor x3  
  182  25:05  Corruptor  
  187  25:15  Viper  
  187  25:17  Infestor x3  
  187  25:19  Overseer  
  196  25:28  Corruptor x3  
Show
View Real Time Build Order
Export as new Build Order

MaxPax Protoss 

Build Orders: 1 Gate Expand, Oracle Opening 

Get SALT Encoding   

  12  0:00  Probe  
  13  0:12  Probe  
  14  0:20  Pylon  
  14  0:24  Probe  
  15  0:38  Probe (Chrono Boost)  
  15  0:41  Gateway  
  16  0:47  Probe (Chrono Boost)  
  16  0:49  Assimilator  
  17  0:53  Probe  
  18  1:05  Probe  
  19  1:17  Probe  
  20  1:26  Nexus  
  20  1:35  Cybernetics Core  
  20  1:39  Probe  
  21  1:43  Assimilator  
  21  1:51  Probe  
  21  1:53  Pylon  
  22  2:03  Probe  
  23  2:09  Adept (Chrono Boost)  
  23  2:15  Probe  
  26  2:24  Stargate  
  26  2:27  Probe  
  26  2:29  Adept (Chrono Boost)  
  29  2:39  Probe, Warp Gate  
  29  2:40  Probe  
  31  2:51  Adept  
  31  2:52  Probe (Chrono Boost)  
  31  2:55  Probe (Chrono Boost)  
  35  3:03  Probe (Chrono Boost)  
  37  3:07  Probe (Chrono Boost)  
  37  3:08  Probe (Chrono Boost), Pylon  
  37  3:09  Oracle (Chrono Boost)  
  41  3:15  Probe  
  41  3:18  Probe  
  43  3:21  Gateway  
  43  3:28  Probe  
  43  3:30  Probe  
  45  3:36  Oracle (Chrono Boost)  
  45  3:40  Probe  
  49  3:43  Probe  
  50  3:48  Pylon  
  50  3:52  Probe  
  50  3:55  Probe  
  52  4:00  Nexus  
  52  4:04  Probe  
  52  4:06  Oracle (Chrono Boost)  
  52  4:07  Probe  
  57  4:15  Assimilator  
  57  4:16  Probe, Assimilator  
  58  4:19  Probe  
  59  4:28  Probe  
  61  4:31  Probe  
  61  4:36  Adept x2  
  61  4:40  Probe  
  62  4:48  Twilight Council  
  62  4:54  Forge  
  62  4:55  Pylon  
  62  4:57  Gateway  
  62  4:58  Gateway  
  62  5:00  Gateway  
  62  5:01  Gateway  
  62  5:11  Probe x2  
  62  5:12  Stalker x2  
  62  5:13  Probe, Protoss Ground Weapons Level 1 (Chrono Boost)  
  69  5:21  Blink (Chrono Boost)  
  69  5:23  Probe x2  
  69  5:25  Probe  
  72  5:35  Probe x2  
  72  5:37  Probe  
  72  5:38  Stalker x2  
  79  5:43  Pylon  
  79  5:48  Probe x2  
  79  5:49  Probe, Robotics Facility  
  82  5:59  Photon Cannon  
  82  6:00  Probe  
  82  6:02  Stalker x3  
  91  6:12  Probe  
  91  6:17  Stalker  
  92  6:21  Pylon  
  92  6:24  Pylon  
  93  6:30  Forge  
  92  6:37  Pylon  
  92  6:40  Warp Prism (Chrono Boost)  
  92  6:41  Stalker x4  
  92  6:42  Pylon, Shield Battery  
  102  6:47  Probe  
  102  6:48  Probe  
  102  6:49  Probe  
  105  6:55  Stalker x2  
  109  7:05  Charge (Chrono Boost)  
  109  7:07  Stalker x4  
  109  7:08  Protoss Ground Weapons Level 2 (Chrono Boost)  
  116  7:29  Stalker x3  
  122  7:30  Pylon, Stalker  
  124  7:42  Nexus  
  124  7:43  Pylon  
  124  7:45  Probe, Pylon  
  124  7:47  Protoss Ground Armor Level 1 (Chrono Boost)  
  124  7:48  Probe  
  121  7:54  Stalker x4  
  121  7:57  Zealot x2  
  131  8:03  Nexus  
  131  8:04  Pylon  
  131  8:06  Probe  
  133  8:12  Probe  
  133  8:13  Probe  
  133  8:19  Zealot x6  
  139  8:23  Probe  
  132  8:36  Nexus  
  130  8:42  Observer (Chrono Boost)  
  130  8:45  Photon Cannon  
  130  8:46  Zealot x6, Shield Battery  
  143  8:50  Gateway  
  143  8:53  Gateway  
  143  8:59  Probe  
  143  9:01  Pylon  
  144  9:13  Pylon  
  140  9:18  Zealot x2  
  140  9:19  Zealot x4  
  140  9:22  Robotics Bay  
  138  9:35  Protoss Ground Armor Level 2 (Chrono Boost)  
  134  9:39  Probe  
  134  9:40  Probe  
  132  9:48  Nexus  
  132  9:49  Probe  
  132  9:51  Pylon, Zealot x5  
  132  9:52  Zealot x3  
  145  9:54  Probe  
  145  9:58  Robotics Facility  
  145  10:01  Photon Cannon, Assimilator  
  145  10:05  Colossus (Chrono Boost)  
  137  10:11  Probe  
  144  10:17  Zealot x4  
  144  10:18  Assimilator  
  144  10:23  Probe  
  141  10:29  Probe  
  141  10:30  Probe  
  141  10:31  Photon Cannon  
  141  10:32  Extended Thermal Lance  
  141  10:34  Templar Archives  
  143  10:36  Zealot x3  
  143  10:38  Assimilator  
  143  10:39  Probe x2, Assimilator  
  151  10:48  Stalker x3  
  157  10:53  Zealot x2  
  140  11:04  Colossus (Chrono Boost)  
  151  11:18  Nexus, Colossus (Chrono Boost)  
  143  11:27  Pylon  
  143  11:30  Pylon x2  
  141  11:42  High Templar x4, Pylon  
  141  11:45  Colossus (Chrono Boost)  
  155  11:47  Archon x2  
  155  11:49  Zealot x4  
  163  11:55  Shield Battery  
  166  12:07  Photon Cannon  
  167  12:08  Immortal (Chrono Boost)  
  164  12:22  Nexus  
  158  12:24  High Templar x3  
  158  12:25  Psionic Storm  
  158  12:26  Pylon  
  164  12:31  Archon  
  164  12:40  Pylon  
  164  12:43  Shield Battery  
  164  12:45  High Templar  
  164  12:46  High Templar x2  
  164  12:47  Protoss Ground Weapons Level 3  
  164  12:49  Zealot  
  168  12:58  Pylon  
  168  12:59  Nexus  
  168  13:01  Photon Cannon  
  168  13:07  High Templar x2  
  168  13:10  Archon, Assimilator  
  168  13:11  Stalker  
  174  13:15  Pylon  
  166  13:28  High Templar x2  
  168  13:34  Archon  
  166  13:45  Probe x2, High Templar x2  
  172  13:48  Photon Cannon  
  172  13:49  Shield Battery  
  172  13:51  Archon  
  168  14:01  Zealot x6  
  148  14:10  Probe  
  148  14:12  Probe, Assimilator  
  148  14:15  Assimilator  
  148  14:16  Gateway  
  150  14:19  Gateway  
  150  14:20  High Templar x2  
  150  14:24  High Templar x2  
  156  14:25  Probe x4  
  156  14:28  High Templar  
  156  14:29  High Templar  
  166  14:32  Archon  
  166  14:33  Probe  
  166  14:35  Pylon  
  167  14:42  Stalker x2  
  163  14:53  High Templar x2  
  163  14:57  Archon  
  163  14:58  High Templar x2  
  169  15:03  Probe  
  169  15:04  Photon Cannon  
  169  15:05  Shield Battery  
  170  15:08  Photon Cannon  
  170  15:10  Archon  
  170  15:11  Pylon  
  170  15:12  High Templar x2  
  174  15:15  Zealot  
  174  15:16  Zealot x3  
  182  15:21  Disruptor (Chrono Boost)  
  182  15:22  Disruptor (Chrono Boost)  
  186  15:44  Archon  
  186  15:45  Zealot  
  186  15:46  Zealot x6  
  200  15:56  Disruptor (Chrono Boost)  
  170  16:11  Zealot x4  
  170  16:12  Zealot x3  
  180  16:19  Pylon  
  180  16:24  Disruptor x2  
  180  16:31  Probe  
  177  16:43  High Templar x4  
  177  16:44  Zealot x3  
  191  16:51  Zealot x3, Archon x2  
  185  17:06  Zealot x3  
  185  17:14  Immortal  
  189  17:23  High Templar x3  
  189  17:24  High Templar  
  189  17:27  Probe x2  
  189  17:28  Archon x2  
  191  18:05  Zealot x10  
  197  18:12  Probe x3  
  175  18:32  High Templar x10  
  173  18:36  Archon  
  173  18:38  Stargate  
  173  18:41  Archon x3  
  173  18:42  Fleet Beacon  
  173  18:45  Archon  
  173  18:49  Pylon  
  173  19:04  Nexus  
  167  19:11  Protoss Air Weapons Level 1 (Chrono Boost)  
  166  19:18  Stalker  
  166  19:23  Tempest (Chrono Boost)  
  166  19:24  Tempest (Chrono Boost)  
  166  19:29  Mothership (Chrono Boost)  
  184  19:39  Nexus  
  184  19:40  Observer  
  184  19:42  Pylon  
  182  19:56  Tempest (Chrono Boost)  
  182  19:58  Nexus  
  186  20:02  Tempest (Chrono Boost)  
  191  20:07  Probe  
  191  20:11  Photon Cannon  
  191  20:12  Photon Cannon  
  191  20:13  Shield Battery  
  192  20:20  Pylon  
  192  20:36  Observer  
  192  20:39  Protoss Shields Level 1  
  192  20:40  Observer  
  192  20:41  Tempest (Chrono Boost)  
  193  20:44  Tempest (Chrono Boost)  
  200  20:54  Observer  
  200  21:06  Nexus, Pylon  
  200  21:39  Unknown  
  200  21:47  Photon Cannon  
  200  21:50  Photon Cannon  
  200  21:55  Protoss Air Weapons Level 2 (Chrono Boost)  
  160  22:19  Tempest (Chrono Boost)  
  160  22:20  Zealot x2  
  171  22:33  Tempest (Chrono Boost)  
  148  22:49  Stargate, Carrier (Chrono Boost)  
  148  22:50  Stargate  
  146  22:58  Nexus  
  149  23:18  Zealot x5  
  149  23:19  Carrier (Chrono Boost)  
  159  23:26  Photon Cannon  
  159  23:27  Photon Cannon  
  159  23:32  Carrier (Chrono Boost)  
  159  23:33  Pylon, Mothership  
  179  23:50  Carrier (Chrono Boost)  
  179  23:54  Assimilator  
  179  23:56  Assimilator  
  179  24:01  Tempest (Chrono Boost)  
  180  24:32  Carrier (Chrono Boost)  
  163  24:46  High Templar x2  
  136  25:07  Probe x2  
  136  25:08  Probe  
  139  25:21  Probe  
  139  25:22  Probe  
Tags
 
Add a new tag
Caveats
  • Supply blocks, unpowered buildings, or Contaminate may cause inaccurate times.
  • Supply counts are checked every 10 seconds.